 Dungeon Crawl Stone Soup version 0.31-a0-963-ga325b2283a (webtiles) character file.

Game seed: 985087919773897799

1095 strifetoe the Covered (level 8, 0/66 HPs)
             Began as an Armataur Warper on Oct 25, 2023.
             Was an Initiate of Cheibriados.
             Slain by a bone dragon (7 damage)
             ... on level 1 of the Abyss.
             The game lasted 00:08:58 (4899 turns).

strifetoe the Covered (Armataur Warper)             Turns: 4899, Time: 00:08:58

Health: 0/66       AC:  8    Str: 19    XL:     8   Next: 10%
Magic:  10/10      EV: 19    Int: 14    God:    Cheibriados [......]
Gold:   262        SH:  0    Dex: 12    Spells: 8/10 levels left

rFire   . . .        m - +0 flail
rCold   . . .        (no shield)
rNeg    . . .        b - +1 leather armour
rPois   .            f - +0 helmet
rElec   .            (no cloak)
rCorr   .            (no gloves)
SInv    .            (no barding)
Will    .....        (no amulet)
Stlth   +++          k - +5 ring of evasion
HPRegen 0.31/turn    l - +5 ring of evasion
MPRegen 0.12/turn

%: clarity, roll
@: very slow
A: large, rugged brown scales 3, deformed body, armoured tail, roll, long
tongue, awkward tongue, talons 1, clarity, shaggy fur 1
a: Renounce Religion


You were on level 1 of the Abyss.
You worshipped Cheibriados.
Cheibriados was noncommittal.
You visited 2 branches of the dungeon, and saw 6 of its levels.
You visited the Abyss 1 time.
You also visited: Ossuary.

You collected 262 gold pieces.

Inventory:

Hand Weapons
 m - a +0 flail (weapon)
Missiles
 d - 7 darts of dispersal (quivered)
 e - 2 poisoned darts
Armour
 b - a +1 leather armour (worn)
 f - a +0 helmet (worn)
Jewellery
 k - a +5 ring of evasion (left hand)
 l - a +5 ring of evasion (right hand)
Scrolls
 a - a scroll of fear {unknown}
 c - 3 scrolls of blinking
 g - 2 scrolls of teleportation
 i - 6 scrolls of amnesia
 u - a scroll of enchant armour
Potions
 j - 2 potions of invisibility
 q - 5 potions of curing
 r - a potion of attraction
 t - a potion of heal wounds {unknown}
 v - a potion of cancellation {unknown}
 w - 2 potions of enlightenment
 x - a potion of magic {unknown}
 z - a potion of berserk rage {unknown}
 A - a potion of brilliance {unknown}


   Skills:
 + Level 2.9 Fighting
 + Level 4.9 Maces & Flails
 - Level 0.8 Throwing
 - Level 5.3 Armour
 - Level 1.3 Dodging
 - Level 5.0 Stealth
 - Level 1.7 Spellcasting
 - Level 5.2 Translocations


You had 8 spell levels left.
You knew the following spells:

 Your Spells              Type           Power      Damage    Failure   Level
a - Blink                 Tloc           32%        N/A       4%          2

Your spell library contained the following spells:

 Spells                   Type           Power      Damage    Failure   Level
 Lesser Beckoning         Tloc           32%        N/A       4%          2
 Teleport Other           Tloc           16%        N/A       10%         3
 Manifold Assault         Tloc           16%        N/A       32%         4
 Ignite Poison            Fire/Tmut/Pois 1%         N/A       63%         3
 Vhi's Electric Charge    Tloc/Air       16%        N/A       67%         4
 Sticky Flame             Conj/Fire      1%         2d3       95%         4
 Ignition                 Fire           0%         3d3       100%        8


Dungeon Overview and Level Annotations

Branches:
Dungeon (5/15)             Temple (1/1) D:5         Ossuary (visited)

Altars:
Ashenzari
Cheibriados
Dithmenos
Elyvilon
Okawaru
Qazlal
Ru
Sif Muna
Vehumet
Wu Jian
Xom
Zin
The Shining One
Ignis

Shops:
D:2 !(?!

Portals:
Abyss: D:3

Annotations:
D:3 1 transporter


Innate Abilities, Weirdness & Mutations

You are completely covered in rugged brown scales. (AC +3, +7% HP)
Armour fits poorly on your strangely shaped body.
You have a long armoured tail.
You roll when moving toward enemies. (Rampage)
Your long tongue fully drains potion bottles. (2x potion effects)
Your tongue gives you trouble enunciating. (1.5x scroll delay)
You have sharp toenails.
You possess an exceptional clarity of mind.
You are covered in fur. (AC +1)


Message History

You feel a little less mighty now.
There is a fountain of sparkling water here.
Found a corrupted altar of Lugonu.
Found a corrupted altar of Lugonu.
Found a gateway leading deeper into the Abyss.
Found a corrupted altar of Lugonu.
A bone dragon comes into view.
A large abomination comes into view.
You aren't carrying any items that you can evoke.
Okay, then.
You hit the bone dragon but do no damage.
You claw the bone dragon.
You tail-slap the bone dragon, but do no damage.
The bone dragon is lightly damaged.
The bone dragon closely misses you. The bone dragon claws you.
The bone dragon tramples you but does no damage.
You hit the bone dragon.
The bone dragon is lightly damaged.
The bone dragon bites you but does no damage.
The bone dragon misses you. x2
You hit the bone dragon but do no damage.
You punch the bone dragon, but do no damage.
The bone dragon is lightly damaged.
The bone dragon bites you!! The bone dragon misses you.
The bone dragon tramples you but does no damage.
You hit the bone dragon but do no damage.
You claw the bone dragon, but do no damage.
The bone dragon is lightly damaged.
The bone dragon bites you. The bone dragon claws you!
The bone dragon tramples you!
* * * LOW HITPOINT WARNING * * *
You stumble backwards!
The bone dragon barely misses you. The bone dragon claws you!
* * * LOW HITPOINT WARNING * * *
The bone dragon tramples you but does no damage.
You hit the bone dragon but do no damage.
You claw the bone dragon, but do no damage.
You tail-slap the bone dragon, but do no damage.
The bone dragon closely misses you. The bone dragon claws you!
You die...

# . . ..# . .. ##
#.## . # # . ##....
..# ...... .#.# # #.
. ...###..# # .
#.###......# #
...#....## ## ... .
.. # . #@.###.# ..#
.. . # . ..#._#D#..#
.# # .. #
....#.#X..# .# . .
...#...#...>#
#.##... #
##..##_#.##.##......
.
#.###..##.#.⌠.......
#.. ....
##.......... # ## #.
...#. #.. #.#.....
.... #⌠ ........


You could see a bone dragon and a large abomination.

Vanquished Creatures
  A black bear (D:4)
  An ice beast (D:5)
  2 ogres (D:4)
  The ghost of dragonking145 the Covered, an amateur GrFi (D:3)
  A phantom (D:4)
  A howler monkey (D:4)
  2 hounds
  2 jellies
  Terence (D:2)
  2 iguanas (D:4)
  An orc wizard (D:3)
  A small abomination (D:3)
  14 mummies (Ossuary)
  Robin (D:4)
  3 adders
  A white imp (D:3)
  2 ufetubi (D:5)
  A worm (D:3)
  A dart slug (D:2)
  6 orcs
  6 ball pythons
  7 endoplasms
  A giant cockroach (D:4)
  15 goblins
  7 hobgoblins
  3 quokkas
  2 bats (D:3)
  2 frilled lizards
  4 goblin skeletons (Ossuary)
  8 kobolds
  A kobold skeleton (Ossuary)
  3 orc skeletons (Ossuary)
  6 rats
  11 rat skeletons (Ossuary)
121 creatures vanquished.

Notes
Turn   | Place    | Note
-------+----------+-------------------------------------------
     0 | D:1      | strifetoe the Armataur Warper began the quest for the Orb.
     0 | D:1      | Reached XP level 1. HP: 18/18 MP: 3/3
   126 | D:1      | Reached XP level 2. HP: 25/25 MP: 4/4
   604 | D:2      | Reached XP level 3. HP: 26/31 MP: 5/5
   783 | D:2      | Found Hime's Distillery.
   897 | D:2      | Found Zulaxze's Magic Scroll Emporium.
   972 | D:2      | Found Ximam's Distillery.
  1039 | D:2      | Found Wirofaer's Weapon Boutique.
  1039 | D:2      | Noticed Terence
  1049 | D:2      | Killed Terence
  1327 | D:3      | Reached XP level 4. HP: 29/38 MP: 6/6
  1473 | D:3      | Learned a level 2 spell: Blink
  1601 | D:3      | Found a transporter.
  1602 | D:3      | Noticed a kobold brigand
  1603 | D:3      | Noticed dragonking145's ghost (amateur GrFi)
  1612 | D:3      | Found a transporter.
  1615 | D:3      | Found a one-way gate to the infinite horrors of the Abyss.
  1854 | D:3      | Found a faded altar of an unknown god.
  2116 | D:4      | Reached skill level 1 in Stealth
  2136 | D:4      | Noticed an ogre
  2142 | D:4      | Gained mutation: Your magical capacity is low. (-10% MP)
                  | [potion of mutation]
  2142 | D:4      | Gained mutation: You occasionally shout uncontrollably at
                  | your foes. [potion of mutation]
  2142 | D:4      | Gained mutation: You have a pair of small antennae on your
                  | head. [potion of mutation]
  2143 | D:4      | Lost mutation: You occasionally shout uncontrollably at
                  | your foes. [potion of mutation]
  2143 | D:4      | Lost mutation: Your magical capacity is low. (-10% MP)
                  | [potion of mutation]
  2143 | D:4      | Lost mutation: You have a pair of small antennae on your
                  | head. [potion of mutation]
  2143 | D:4      | Gained mutation: You possess an exceptional clarity of
                  | mind. [potion of mutation]
  2143 | D:4      | Gained mutation: You have sharp toenails. [potion of
                  | mutation]
  2143 | D:4      | Gained mutation: You are covered in fur. (AC +1) [potion of
                  | mutation]
  2151 | D:4      | Killed an ogre
  2151 | D:4      | Noticed an ogre
  2152 | D:4      | Reached XP level 5. HP: 15/43 MP: 5/7
  2159 | D:4      | Killed an ogre
  2160 | D:4      | Reached XP level 6. HP: 20/51 MP: 6/8
  2383 | D:4      | Found a sacrificial altar of Ru.
  2540 | D:4      | Found a sand-covered staircase.
  2549 | Ossuary  | Entered an ossuary
  3026 | Ossuary  | Reached XP level 7. HP: 29/56 MP: 9/9
  3491 | D:4      | Noticed Robin
  3498 | D:4      | Killed Robin
  3857 | D:4      | Reached skill level 5 in Translocations
  3973 | D:4      | Reached skill level 5 in Armour
  4104 | D:5      | Entered Level 5 of the Dungeon
  4141 | D:5      | Reached skill level 5 in Stealth
  4319 | D:5      | Found a staircase to the Ecumenical Temple.
  4344 | Temple   | Entered the Ecumenical Temple
  4391 | Temple   | Became a worshipper of Cheibriados the Contemplative
  4720 | D:3      | Reached XP level 8. HP: 61/66 MP: 10/10
  4730 | D:3      | Killed dragonking145's ghost
  4765 | Abyss:1  | Cast into level 1 of the Abyss (kobold brigand)
  4773 | Abyss:1  | Found a corrupted altar of Lugonu.
  4844 | Abyss:1  | Found a corrupted altar of Lugonu.
  4875 | Abyss:1  | Found a corrupted altar of Lugonu.
  4878 | Abyss:1  | Found a corrupted altar of Lugonu.
  4885 | Abyss:1  | Noticed a bone dragon
  4899 | Abyss:1  | Slain by a bone dragon

Illustrated notes

Levels and vault maps discovered:
D:1:      erik_arrival_triangle_medium, layout_rooms, minmay_pentomino_v4
D:2:      minmay_evil_eye, layout_rooms, serial_shops, shop, shop, shop,
          nicolae_shop_real_fake_doors, uniq_terence
D:3:      layout_basic, gammafunk_ghost_abyssal_escape,
          hellmonk_ecumenical_altar_prayer_group, kennysheep_small_spiral,
          nicolae_concentric_dashed_squares_mild
D:4:      layout_basic, mainiacjoe_overflow_brackets,
          mainiacjoe_ossuary_entry_dusty_tomb, minmay_circle_x, uniq_robin
D:5:      layout_loops_ring, minmay_temple_entry_large_hall, chequers_big_river,
          minmay_gold_behind_fungi
Temple:   ebering_untended_altars
Abyss:1:  base:
Temple

Skill      XL: |  1  2  3  4  5  6  7 |
---------------+----------------------+-----
Maces & Flails | 2 3 4 |  4.9
Stealth        | 2 3 5 |  5.0
Armour         | 2 3 4 5 |  5.3
Translocations | 4 5 |  5.2
Fighting       | 2 |  2.9
Throwing       | |  0.8
Dodging        | |  1.3
Spellcasting   | |  1.7

Action                     |  1- 3 |  4- 6 |  7- 9 || total
---------------------------+-------+-------+-------++-------
  Melee: Mace              |    85 |   192 |    52 ||   329
         Tailslap          |     6 |    26 |    18 ||    50
         Kick              |       |    36 |    33 ||    69
         Punch             |       |     2 |     2 ||     4
         Flail             |       |       |    67 ||    67
    Use: Potion            |       |     5 |     1 ||     6
         Scroll            |       |     1 |    13 ||    14
   Stab: Sleeping          |       |     7 |     4 ||    11
 Armour: Leather armour    |    52 |    59 |    72 ||   183
  Dodge: Dodged            |    49 |   124 |   117 ||   290

Table legend: (Time is in decaauts)
 A = Elapsed time spent in this place.
 B = Non-inter-level travel time spent in this place.
 C = Inter-level travel time spent in this place.
 D = Time resting spent in this place.
 E = Time spent auto-exploring this place.
 F = Levels seen in this place.
 G = Mean time per level.
                   A        B        C        D        E       F      G
               +--------+--------+--------+--------+--------+-----+--------+
         Total |   5066 |   4682 |    384 |    447 |   3124 |   8 |  633.2 |
       Dungeon |   3881 |   3510 |    371 |    347 |   2506 |   5 |  776.2 |
        Temple |     59 |     46 |     13 |      0 |      0 |   1 |   59.0 |
         Abyss |    172 |    172 |      0 |      0 |      0 |   1 |  172.0 |
       Ossuary |    953 |    953 |      0 |    100 |    618 |   1 |  953.0 |
               +--------+--------+--------+--------+--------+-----+--------+

Top non-repeatable levels by time:
     D:4: 1218 daAuts
     D:3: 1008 daAuts
 Ossuary: 953 daAuts
     D:2: 671 daAuts
     D:1: 544 daAuts
     D:5: 438 daAuts
 Abyss:1: 172 daAuts
  Temple: 59 daAuts
